 Dungeon Crawl Stone Soup version 0.28-a0-991-g956f0ee3d5 (webtiles) character file.

Game seed: 17669160643995382286

166 GregHouse the Chopper (level 5, 0/47 HPs)
             Began as a Hill Orc Monk on Dec 5, 2021.
             Was a Believer of Beogh.
             Slain by a wyvern skeleton (10 damage)
             ... on level 7 of the Dungeon.
             The game lasted 00:10:30 (2789 turns).

GregHouse the Chopper (Hill Orc Monk)               Turns: 2789, Time: 00:10:30

Health: 0/47       AC: 16    Str: 16    XL:     5   Next: 47%
Magic:  5/5        EV:  5    Int:  8    God:    Beogh [**....]
Gold:   756        SH:  0    Dex: 19    Spells: 4/4 levels left

rFire   . . .      SeeInvis .   a - +0 hand axe
rCold   . . .      Faith    .   (no shield)
rNeg    . . .      Spirit   .   e - +0 plate armour
rPois   .          Reflect  .   (no helmet)
rElec   .          Harm     .   n - +0 cloak
rCorr   .          Rampage  .   (no gloves)
Will    .....                   j - +0 pair of boots
Stlth   ..........              (no amulet)
HPRegen 0.15/turn               c - +6 ring of dexterity
MPRegen 0.09/turn               h - +4 ring of protection

@: no status effects
A: dopey 1
a: Renounce Religion, Smiting


You were on level 7 of the Dungeon.
You worshipped Beogh.
Beogh was pleased with you.
You visited 1 branch of the dungeon, and saw 7 of its levels.

You collected 756 gold pieces.

Inventory:

Hand Weapons
 a - a +0 hand axe (weapon)
Missiles
 k - 30 stones (quivered)
Armour
 e - a +0 plate armour (worn)
 j - a +0 pair of boots (worn)
 n - a +0 cloak (worn)
Jewellery
 c - a +6 ring of dexterity (left hand)
 h - a +4 ring of protection (right hand)
Wands
 l - a wand of acid (8)
Potions
 g - a potion of attraction


   Skills:
 + Level 4.9 Fighting
 + Level 6.1 Axes
 + Level 1.6 Armour
 - Level 2.4 Dodging
 + Level 2.2 Stealth


You had 4 spell levels left.
You didn't know any spells.
Your spell library contained the following spells:

 Spells                   Type           Power      Damage    Failure   Level
 Magic Dart               Conj           0%         1d3       100%        1
 Call Imp                 Summ           0%         N/A       100%        2
 Mephitic Cloud           Conj/Pois/Air  0%         N/A       100%        3


Dungeon Overview and Level Annotations

Branches:
Dungeon (7/15)             Temple (0/1) D:5

Altars:

Shops:
D:1 !

Annotations:
D:4 Dowan, Duvessa


Innate Abilities, Weirdness & Mutations

You are dopey. (Int -2)


Message History

The ogre barely misses you.
The orc hits the ogre with a +0 club.
The orc hits the ogre with a +0 trident!
The ogre hits the orc with a +0 giant club!
The orc dies!
The orc hits the ogre with a +0 club.
The ogre barely misses the orc.
The orc barely misses the ogre.
The orc hits the ogre with a +1 trident of protection.
The ogre barely misses the orc.
The ogre hits the orc with a +0 giant club!
The orc dies!
The orc hits the ogre with a +0 short sword.
The orc priest barely misses the ogre.
The ogre hits the orc with a +0 giant club!!
The orc dies!
Found an escape hatch in the floor.
Found 15 stones.
Found an escape hatch in the ceiling.
Found a robe.
Found a scroll labelled ZEIRETHR DUINA.
There is an escape hatch in the floor here.
You slide downwards.
The hatch slams shut behind you.
Found a scroll labelled QORGHA SUAHAOSMURO.
You barely miss the wyvern skeleton.
The wyvern skeleton bites you but does no damage.
You hit the wyvern skeleton but do no damage.
The wyvern skeleton bites you.
You completely miss the wyvern skeleton.
The wyvern skeleton bites you.
* * * LOW HITPOINT WARNING * * *
The wyvern skeleton barely misses you.
You slash the wyvern skeleton!
The wyvern skeleton is moderately damaged.
The wyvern skeleton barely misses you.
You hit the wyvern skeleton.
The wyvern skeleton is moderately damaged.
The wyvern skeleton bites you but does no damage.
You hit the wyvern skeleton but do no damage.
The wyvern skeleton is moderately damaged.
The wyvern skeleton bites you!
You die...

..# #≈## ..#
#... #.# ....
#.# ###.. #.#
#.....#.#
#.....#.########
#...........
#..Z@......#
#..?########
##..# #..## #..
##. #. #.


You could see a wyvern skeleton.

Vanquished Creatures
  A scorpion (D:5)
  6 adders
  2 worms (D:2)
  3 dart slugs
  4 ball pythons
  3 endoplasms (D:1)
  2 giant cockroaches
  3 goblins
  3 hobgoblins (D:1)
  5 kobolds
  A quokka (D:1)
  2 bats (D:1)
  2 frilled lizards
  5 rats
42 creatures vanquished.

Vanquished Creatures (others)
  3 orcs (D:6)
3 creatures vanquished.

Grand Total: 45 creatures vanquished

Notes
Turn   | Place    | Note
-------+----------+-------------------------------------------
     0 | D:1      | GregHouse the Hill Orc Monk began the quest for the Orb.
     0 | D:1      | Reached XP level 1. HP: 19/19 MP: 1/1
   170 | D:1      | Reached XP level 2. HP: 17/27 MP: 2/2
   895 | D:1      | Found Nell's Distillery.
   993 | D:1      | Reached XP level 3. HP: 33/33 MP: 3/3
  1422 | D:2      | Reached skill level 5 in Axes
  1677 | D:2      | Reached XP level 4. HP: 30/40 MP: 4/4
  2305 | D:2      | You fall into a shaft and drop 2 floors!
  2305 | D:4      | Noticed Dowan
  2306 | D:4      | Noticed Duvessa
  2310 | D:4      | Identified 2 scrolls of acquirement
  2310 | D:4      | Acquired the ring of Ynudwad {*Corrode Fly rN+ Will+ Dex+5}
  2321 | D:5      | Entered Level 5 of the Dungeon
  2330 | D:4      | Reached skill level 1 in Armour
  2562 | D:5      | Found a staircase to the Ecumenical Temple.
  2574 | D:5      | Noticed a scorpion
  2587 | D:5      | Gained mutation: You are dopey. (Int -2) [potion of
                  | mutation]
  2588 | D:5      | Acquired 721 gold pieces
  2598 | D:5      | Killed a scorpion
  2599 | D:5      | Reached skill level 6 in Axes
  2599 | D:5      | Reached XP level 5. HP: 9/47 MP: 5/5
  2728 | D:5      | Noticed an ogre
  2749 | D:5      | Noticed a yak
  2749 | D:5      | Noticed a yak
  2749 | D:5      | Noticed an ogre
  2749 | D:5      | Noticed a yak
  2764 | D:6      | Became a worshipper of Beogh the Brigand
  2764 | D:6      | Reached * piety under Beogh
  2764 | D:6      | Reached ** piety under Beogh
  2789 | D:7      | Slain by a wyvern skeleton

Illustrated notes

Levels and vault maps discovered:
D:1:      saegor_arrival_simple_d, layout_loops_corners, serial_shops,
          shop_statue
D:2:      layout_basic, minivault_19, kennysheep_generic_room_3
D:3:      layout_loops_cross, mainiacjoe_overflow_24_doors,
          shapermc_ecumenical_altar_acropolis, minmay_shallow_snake_nest
D:4:      layout_basic, kennysheep_mini, uniq_duvessa
D:5:      layout_basic, minmay_temple_entry_crystal_x, uniq_crazy_yiuf_cottage
D:6:      layout_cave_pools
D:7:      layout_rooms, hangedman_ru_absence,
          mainiacjoe_overflow_concentric_impassable

Skill      XL: |  1  2  3  4 |
---------------+-------------+-----
Fighting       | 4 |  4.9
Axes           | 5 6 |  6.1
Stealth        | 2 |  2.2
Armour         | 1 |  1.6
Dodging        | |  2.4

Action                   |  1- 3 |  4- 6 || total
-------------------------+-------+-------++-------
Melee: Hand axe          |   122 |    74 ||   196
Invok: Convert to Beogh  |       |     1 ||     1
  Use: Scroll            |       |     4 ||     4
       Potion            |       |     3 ||     3
 Stab: Sleeping          |     3 |       ||     3
Armor: Robe              |    17 |       ||    17
       Plate armour      |    29 |    48 ||    77
Dodge: Dodged            |    46 |    14 ||    60

Table legend: (Time is in decaauts)
 A = Elapsed time spent in this place.
 B = Non-inter-level travel time spent in this place.
 C = Inter-level travel time spent in this place.
 D = Time resting spent in this place.
 E = Time spent auto-exploring this place.
 F = Levels seen in this place.
 G = Mean time per level.
                   A        B        C        D        E       F      G
               +--------+--------+--------+--------+--------+-----+--------+
         Total |   2801 |   2738 |     63 |    853 |   1136 |   7 |  400.1 |
       Dungeon |   2801 |   2738 |     63 |    853 |   1136 |   7 |  400.1 |
               +--------+--------+--------+--------+--------+-----+--------+

Top non-repeatable levels by time:
     D:1: 1358 daAuts
     D:2: 912 daAuts
     D:4: 252 daAuts
     D:5: 206 daAuts
     D:3: 45 daAuts
     D:6: 17 daAuts
     D:7: 7 daAuts
